 Dungeon Crawl Stone Soup version 0.29-a0-284-gf9362112df (webtiles) character file.

Game seed: 2500252524535803812

53 avis the Skirmisher (level 3, -2/36 HPs)
             Began as a Hill Orc Monk on Mar 20, 2022.
             Slain by a quokka (4 damage)
             ... on level 2 of the Dungeon.
             The game lasted 00:05:35 (1761 turns).

avis the Skirmisher (Hill Orc Monk)                 Turns: 1761, Time: 00:05:36

Health: -2/36      AC:  3    Str: 15    XL:     3   Next: 89%
Magic:  3/3        EV: 12    Int: 10    God:
Gold:   83         SH:  0    Dex: 13    Spells: 2/2 levels left

rFire   . . .      SeeInvis .     - Unarmed
rCold   . . .      Faith    .   (no shield)
rNeg    . . .      Spirit   .   c - +0 leather armour
rPois   .          Reflect  .   (no helmet)
rElec   .          Harm     .   (no cloak)
rCorr   .          Rampage  .   (no gloves)
Will    .....                   (no boots)
Stlth   ++........              (no amulet)
HPRegen 0.12/turn               (no ring)
MPRegen 0.08/turn               (no ring)

@: brilliant
A: no striking features
a: no special abilities


You were on level 2 of the Dungeon.
You visited 1 branch of the dungeon, and saw 2 of its levels.

You collected 83 gold pieces.

Inventory:

Hand Weapons
 b - a +0 hunting sling
Missiles
 i - 23 stones (quivered)
Armour
 a - a +0 robe
 c - a +0 leather armour (worn)
 e - a +0 chain mail
Magical Staves
 d - a staff of earth
Scrolls
 f - a scroll of vulnerability {unknown}
 g - 4 scrolls of identify {unknown}
 h - a scroll of enchant weapon {unknown}
 j - a scroll of teleportation {unknown}
 l - a scroll of silence {unknown}


   Skills:
 - Level 5.0 Fighting
 - Level 2.4 Dodging
 - Level 1.5 Stealth
 * Level 4.1 Unarmed Combat


You had 2 spell levels left.
You didn't know any spells.
Your spell library contained the following spells:

 Spells                   Type           Power      Damage    Failure   Level
 Summon Small Mammal      Summ           0%         N/A       43%         1
 Call Canine Familiar     Summ           0%         N/A       80%         3
 Summon Guardian Golem    Hex/Summ       0%         N/A       80%         3


Dungeon Overview and Level Annotations

Branches:
Dungeon (2/15)

Altars:


Message History

The adder is heavily wounded.
You feel sick. The adder barely misses you.
You miss the adder.
The adder is heavily wounded.
You feel sick. The adder closely misses you.
You hit the adder.
The adder is severely wounded.
You feel sick. The adder misses you. The adder barely misses you.
You closely miss the adder.
The adder is severely wounded.
You feel sick. The adder bites you.
You are more poisoned.
The adder poisons you!
You hit the adder but do no damage.
The adder is severely wounded.
You feel sick. The adder misses you.
You hit the adder.
The adder is severely wounded.
You feel sick. The adder bites you.
You closely miss the adder.
The adder is severely wounded.
You feel sick. The adder bites you.
* * * LOW HITPOINT WARNING * * *
You hit the adder. Your punch misses the adder.
The adder is almost dead.
You feel sick. The adder barely misses you. The adder bites you.
* * * LOW HITPOINT WARNING * * *
It was a potion of brilliance.
You feel clever all of a sudden.
You feel sick. The adder closely misses you.
You hit the adder.
You kill the adder!
You feel sick.
Your Unarmed Combat skill increases to level 4!
You closely miss the quokka. Your punch misses the quokka.
The quokka is heavily wounded.
You feel sick.
You are no longer poisoned.
The quokka bites you.
You die...

......[..............
P.........P.PPPPP.P..
.♣♣♣...♣♣♣..P♣♣♣P.P♣ .#
.♣ ♣..P♣ ♣...♣ ♣...♣ P.#
P♣♣♣P..♣♣♣...♣♣♣P..♣♣♣P.#
..P....PP.P.P..P..P..PP.#
...........)............
##
P.P....PPP..........P.P.
#.
.♣♣♣...♣♣♣...♣♣♣@.P♣♣♣..
##.## .♣ ♣P..♣ ♣...♣
♣Pr.♣ ....
.♣♣♣P.P♣♣♣..P♣♣♣...♣♣♣P
###.###
PP.......P...P....P.P...
#......
........................
#.#.##.
P...P.P.P.P...PPP.$......
#<.#
P♣♣♣..P♣♣♣...♣♣♣P..♣♣♣..#
#### . ♣..P♣ ♣... ♣...♣
..# P♣ ♣P.P♣ ♣... ♣..P♣
..


You could see a quokka.

Vanquished Creatures
  4 adders (D:2)
  2 endoplasms (D:1)
  A giant cockroach (D:1)
  2 goblins
  A hobgoblin (D:1)
  4 jackals (D:1)
  A ball python (D:1)
  A bat (D:2)
  A frilled lizard (D:2)
  2 rats
19 creatures vanquished.

Vanquished Creatures (others)
  14 plants (D:2)
14 creatures vanquished.

Grand Total: 33 creatures vanquished

Notes
Turn   | Place    | Note
-------+----------+-------------------------------------------
     0 | D:1      | avis the Hill Orc Monk began the quest for the Orb.
     0 | D:1      | Reached XP level 1. HP: 19/19 MP: 1/1
   245 | D:1      | Reached skill level 4 in Fighting
   479 | D:1      | Reached XP level 2. HP: 26/27 MP: 2/2
  1309 | D:2      | Reached skill level 5 in Fighting
  1309 | D:2      | Reached XP level 3. HP: 26/36 MP: 3/3
  1761 | D:2      | Slain by a quokka

Illustrated notes

Levels and vault maps discovered:
D:1:      minmay_arrival_diagonal_passages, layout_basic
D:2:      layout_basic, hex_tiny, minmay_misc_feat_rows, kennysheep_boxes

Skill      XL: |  1  2  3 |
---------------+----------+-----
Fighting       | 4 5 |  5.0
Unarmed Combat | 4 |  4.1
Dodging        | |  2.4
Stealth        | |  1.5

Action                   || total
-------------------------++-------
Melee: Unarmed           ||    96
 Fire: Hunting sling     ||    14
  Use: Potion            ||     2
 Stab: Sleeping          ||     2
Armor: Leather armour    ||    22
Dodge: Dodged            ||    54

Table legend: (Time is in decaauts)
 A = Elapsed time spent in this place.
 B = Non-inter-level travel time spent in this place.
 C = Inter-level travel time spent in this place.
 D = Time resting spent in this place.
 E = Time spent auto-exploring this place.
 F = Levels seen in this place.
 G = Mean time per level.
                   A        B        C        D        E       F      G
               +--------+--------+--------+--------+--------+-----+--------+
         Total |   1758 |   1626 |    132 |    628 |    700 |   2 |  879.0 |
       Dungeon |   1758 |   1626 |    132 |    628 |    700 |   2 |  879.0 |
               +--------+--------+--------+--------+--------+-----+--------+

Top non-repeatable levels by time:
     D:1: 1275 daAuts
     D:2: 483 daAuts
